[Event "Titled Tuesday Blitz April 11 Early 2023"]
[White "Belov, Alexei"]
[Black "Gracia Alvarez, Gerardo Antonio"]
[WhiteFideId "4128206"]
[BlackFideId "5109124"]
[WhiteElo "2635"]
[BlackElo "2160"]
[Result "1-0"]
[Round "04"]
[TimeControl "180+2"]
[Date "2023.04.11"]
[WhiteClock "0:00:05"]
[BlackClock "0:00:02"]

1. e4 c5 2. Nf3 Nc6 3. d4 cxd4 4. Nxd4 Nf6 5. Nc3 e5 6. Ndb5 h6 7. Nd6+ Bxd6 8. Qxd6 Qe7 9. Qxe7+ Kxe7 10. Be3 d6 11. O-O-O Be6 12. f3 a6 13. g4 b5 14. h4 Rac8 15. Be2 Na5 16. g5 hxg5 17. hxg5 Nh5 18. a4 Ng3 19. Rxh8 Nxe2+ 20. Nxe2 Rxh8 21. axb5 axb5 22. b3 b4 23. Bb6 Nc6 24. Bc7 Rh2 25. Bxd6+ Ke8 26. Rd2 Rf2 27. f4 Bg4 28. Ng3 Rf3 29. Nf5 Rf1+ 30. Kb2 Bxf5 31. exf5 exf4 32. c3 bxc3+ 33. Kxc3 f3 34. Kd3 Rb1 35. b4 Nxb4+ 36. Ke4 Nc6 37. Kxf3 Rf1+ 38. Kg4 Rg1+ 39. Bg3 Rf1 40. Rd6 Ne7 41. Rd3 Nxf5 42. Bf4 g6 43. Rd5 Rg1+ 44. Kf3 Rf1+ 45. Kg4 Ke7 46. Ra5 Ke6 47. Ra6+ Kd5 48. Ra5+ Ke4 49. Ra4+ Nd4 50. Bd6 Rg1+ 51. Kh3 Kd5 52. Be7 Ne6 53. Bf6 Nc5 54. Ra5 Rc1 55. Be7 Rc4 56. Kg3 Kd4 57. Kh3 Ne6 58. Bf6+ Ke4 59. Ra1 Kf5 60. Rf1+ Nf4+ 61. Kg3 Re4 62. Rf3 Rc4 63. Re3 Re4 64. Rf3 Rc4 65. Re3 Re4 66. Rc3 Ra4 67. Rc5+ Ke6 68. Re5+ Kd6 69. Re7 Ne6 70. Rxf7 Nxg5 71. Bxg5 Ke6 72. Rf6+ Ke5 73. Rxg6 Ra3+ 74. Kg4 Ra4+ 75. Kh5 Ra2 76. Rg8 Rh2+ 77. Kg6 Rg2 78. Re8+ Kd6 79. Kf5 Rf2+ 80. Bf4+ Kd7 81. Re5 Rc2 82. Rd5+ Ke7 83. Rd6 Rc5+ 84. Be5 Rb5 85. Ra6 Rb7 86. Rg6 Rb5 87. Rg7+ Kf8 88. Rc7 Ke8 89. Ke6 Rb6+ 90. Bd6 Kd8 91. Rd7+ Kc8 92. Rc7+ Kd8 93. Ra7 Kc8 94. Kd5 Rb5+ 95. Kc6 Rb8 96. Bxb8 1-0


[Site "https://www.chess.com"]

[Event "Titled Tuesday Blitz April 11 Early 2023"]
[White "Munkhgal, Gombosuren"]
[Black "Kujawski, Adam"]
[WhiteFideId "4901266"]
[BlackFideId "1100920"]
[WhiteElo "2528"]
[BlackElo "2054"]
[Result "0-1"]
[Round "04"]
[TimeControl "180+2"]
[Date "2023.04.11"]
[WhiteClock "0:00:19"]
[BlackClock "0:00:12"]

1. d4 Nf6 2. Bf4 c5 3. e3 d5 4. Nd2 Nc6 5. c3 Qb6 6. Qb3 c4 7. Qc2 Bg4 8. h3 Bh5 9. Ngf3 Bg6 10. Qc1 e6 11. Nh4 Rc8 12. Nxg6 hxg6 13. Be2 Qd8 14. a4 Bd6 15. Bxd6 Qxd6 16. f4 a6 17. O-O O-O 18. Nf3 b5 19. axb5 axb5 20. Ne5 Ra8 21. Bf3 Ne4 22. Bxe4 dxe4 23. Qc2 Qd5 24. Qf2 Rfb8 25. Qh4 b4 26. Nxc6 Qxc6 27. Qe7 b3 28. Rxa8 Rxa8 29. g4 Ra2 30. Rf2 Qa4 31. Kg2 Rxb2 32. Rxb2 Qa1 33. Rf2 b2 34. f5 b1=Q 35. Qd8+ Kh7 36. Qh4+ Kg8 37. Qd8+ Kh7 38. fxg6+ fxg6 39. Qh4+ Kg8 40. Qd8+ Kh7 41. Qh4+ Kg8 42. Kg3 g5 43. Qxg5 Qg1+ 44. Rg2 Qae1+ 45. Kf4 Qef1+ 46. Ke5 Qf6+ 47. Qxf6 gxf6+ 0-1


[Site "https://www.chess.com"]

[Event "Titled Tuesday Blitz April 11 Early 2023"]
[White "Parkhov, Yair"]
[Black "Van Osch, Mees"]
[WhiteFideId "2813408"]
[BlackFideId "1035967"]
[WhiteElo "2421"]
[BlackElo "2324"]
[Result "1-0"]
[Round "04"]
[TimeControl "180+2"]
[Date "2023.04.11"]
[WhiteClock "0:01:22"]
[BlackClock "0:00:07"]

1. e4 c5 2. Nf3 d6 3. d4 cxd4 4. Nxd4 Nf6 5. Nc3 a6 6. Nf3 g6 7. e5 dxe5 8. Qxd8+ Kxd8 9. Nxe5 Be6 10. Bf4 Nbd7 11. O-O-O Rc8 12. Be2 Bg7 13. Bf3 Rc7 14. Rhe1 Kc8 15. Nd3 Rc4 16. Ne4 Nxe4 17. Rxe4 Rxe4 18. Bxe4 Rd8 19. b3 Nf6 20. Bf3 Nd5 21. Be5 Bxe5 22. Nxe5 f6 23. Nc4 Nc3 24. Bxb7+ Kc7 25. Rxd8 Kxd8 26. Kb2 Nd1+ 27. Kc1 Nc3 28. Kd2 Nxa2 29. c3 Bxc4 30. bxc4 Kc7 31. Be4 a5 32. Bb1 Nb4 33. cxb4 axb4 34. Kc2 Kd6 35. Kb3 Kc5 36. g4 e6 37. h4 f5 38. g5 e5 39. f3 Kd4 40. Kxb4 e4 41. fxe4 fxe4 42. Bxe4 Kxe4 43. c5 Kd5 44. Kb5 1-0


[Site "https://www.chess.com"]

[Event "Titled Tuesday Blitz April 11 Early 2023"]
[White "Bodnaruk, Anastasia"]
[Black "Golubev, Mikhail"]
[WhiteFideId "4181751"]
[BlackFideId "14100983"]
[WhiteElo "2310"]
[BlackElo "2374"]
[Result "1-0"]
[Round "04"]
[TimeControl "180+2"]
[Date "2023.04.11"]
[WhiteClock "0:01:30"]
[BlackClock "0:00:28"]

1. e4 c5 2. Nc3 Nc6 3. Bb5 Nd4 4. Bc4 e6 5. Nge2 a6 6. a4 Nf6 7. O-O d5 8. exd5 exd5 9. Ba2 Bg4 10. f3 Be6 11. d3 Nxe2+ 12. Qxe2 Be7 13. f4 O-O 14. f5 Bc8 15. Qf3 d4 16. Nd5 Nxd5 17. Bxd5 Ra7 18. a5 b5 19. axb6 Qxb6 20. b3 Bb7 21. Bf4 Bxd5 22. Qxd5 Rd8 23. Qf3 Bd6 24. f6 g6 25. Rae1 Raa8 26. Bxd6 Qxd6 27. Re7 Qd5 28. Re8+ 1-0


[Site "https://www.chess.com"]

[Event "Titled Tuesday Blitz April 11 Early 2023"]
[White "Domingo Nunez, Ruben"]
[Black "Okike, David"]
[WhiteFideId "22245570"]
[BlackFideId "8500134"]
[WhiteElo "2404"]
[BlackElo "2232"]
[Result "1-0"]
[Round "04"]
[TimeControl "180+2"]
[Date "2023.04.11"]
[WhiteClock "0:01:19"]
[BlackClock "0:01:46"]

1. c4 e5 2. b3 d6 3. Bb2 Nc6 4. Nf3 Nf6 5. d4 e4 6. Nfd2 Bf5 7. Nc3 Bg6 8. e3 Qd7 9. a3 Be7 10. Qc2 Qf5 11. h3 h5 12. Be2 h4 13. Nb5 O-O-O 14. d5 Ne5 15. Nxa7+ Kb8 16. Nb5 Nd3+ 17. Bxd3 exd3 18. Qc3 Ne4 19. Nxe4 Qxe4 20. Qa5 d2+ 21. Qxd2 c6 22. f3 Qf5 23. Nd4 Qd7 24. dxc6 bxc6 25. Qb4+ Kc8 26. Qb6 Qc7 27. Qxc6 Bf6 28. Qxc7+ Kxc7 29. Nb5+ Kc6 30. Bxf6 gxf6 31. e4 f5 32. exf5 Bxf5 33. Nd4+ 1-0


[Site "https://www.chess.com"]

[Event "Titled Tuesday Blitz April 11 Early 2023"]
[White "Ronka, Erik"]
[Black "Perez Gormaz, Matias"]
[WhiteFideId "505080"]
[BlackFideId "3406342"]
[WhiteElo "2264"]
[BlackElo "2362"]
[Result "1-0"]
[Round "04"]
[TimeControl "180+2"]
[Date "2023.04.11"]
[WhiteClock "0:00:06"]
[BlackClock "0:00:05"]

1. a3 d5 2. c4 e6 3. Nf3 Nf6 4. e3 Bd6 5. g4 h6 6. Rg1 b6 7. Nc3 Bb7 8. b3 Nbd7 9. Bb2 a6 10. Qc2 Qe7 11. Be2 c5 12. O-O-O O-O-O 13. h4 Kb8 14. g5 hxg5 15. hxg5 Ne4 16. Nxe4 dxe4 17. Ne1 Rh2 18. Bxg7 Rxf2 19. Bh5 Rg8 20. Bf6 Nxf6 21. gxf6 Qf8 22. Rxg8 Qxg8 23. Qc3 Ka7 24. Nc2 Qg5 25. Bxf7 Be5 26. d4 Bxf6 27. Rd2 Rf1+ 28. Kb2 Qg1 29. Bxe6 Rf3 30. Bd5 Bxd5 31. cxd5 Qg5 32. b4 Qxd5 33. bxc5 bxc5 34. Nb4 cxb4 35. Qc7+ Qb7 36. Qc5+ Ka8 37. Qf8+ Qb8 38. Qc5 bxa3+ 39. Ka2 Rxe3 40. Qc6+ Qb7 41. Qe8+ Ka7 42. Qe6 Rd3 43. Rc2 Bxd4 44. Qc4 Rc3 45. Qxd4+ Ka8 46. Qxc3 e3 47. Qc8+ Qxc8 48. Rxc8+ Kb7 49. Re8 Kc6 50. Rxe3 Kd5 51. Rxa3 Kc4 52. Rb3 1-0


[Site "https://www.chess.com"]

[Event "Titled Tuesday Blitz April 11 Early 2023"]
[White "Halldorsson, Halldor"]
[Black "benny_aizenberg"]
[WhiteFideId "2301369"]
[WhiteElo "2190"]
[BlackElo "2611"]
[Result "1/2-1/2"]
[Round "04"]
[TimeControl "180+2"]
[Date "2023.04.11"]
[WhiteClock "0:01:03"]
[BlackClock "0:00:10"]

1. e4 Nf6 2. e5 Nd5 3. d4 d6 4. exd6 cxd6 5. c4 Nb6 6. Bd3 g6 7. Ne2 Bg7 8. Be3 Nc6 9. b3 e5 10. dxe5 dxe5 11. Nbc3 O-O 12. Be4 f5 13. Bd5+ Nxd5 14. Qxd5+ Qxd5 15. Nxd5 Rf7 16. Rd1 Be6 17. Nec3 e4 18. f3 f4 19. Bc5 e3 20. g3 fxg3 21. Ke2 g2 22. Rhg1 Bh3 23. Bxe3 Ne5 24. f4 Ng4 25. Ne4 Bh6 26. Kf3 Nxe3 27. Kxe3 Raf8 28. Nf2 Be6 29. Rxg2 Bxd5 30. Rxd5 Rxf4 31. Ke2 Re8+ 32. Kd1 Rf3 33. Rd3 Rf7 34. Rd5 Rfe7 35. Nd3 Re3 36. h4 Rh3 37. h5 Ree3 38. Kc2 Kf7 39. hxg6+ hxg6 40. Ne5+ Ke7 41. Nxg6+ Kf6 42. Rd6+ Kf5 43. Rf2+ Kg5 44. Rg2+ Kf5 45. Rf2+ Kg5 46. Rg2+ Kf5 1/2-1/2


[Site "https://www.chess.com"]

[Event "Titled Tuesday Blitz April 11 Early 2023"]
[White "Tarasova, Viktoriya"]
[Black "Safin, Robert"]
[WhiteFideId "4175840"]
[BlackFideId "34189120"]
[WhiteElo "2182"]
[BlackElo "2245"]
[Result "1-0"]
[Round "04"]
[TimeControl "180+2"]
[Date "2023.04.11"]
[WhiteClock "0:01:06"]
[BlackClock "0:00:01"]

1. d4 Nf6 2. c4 e6 3. Nc3 Bb4 4. Nf3 c5 5. g3 cxd4 6. Nxd4 d5 7. cxd5 Bxc3+ 8. bxc3 Qxd5 9. f3 O-O 10. Qb3 Rd8 11. Qxd5 Nxd5 12. Bd2 e5 13. Nb3 Nc6 14. e4 Nb6 15. Be3 Na4 16. Rc1 Be6 17. Bb5 Nb2 18. Nc5 Bc4 19. Bxc4 Nxc4 20. Ke2 b6 21. Nb3 Kf8 22. Rhd1 Ke8 23. Rxd8+ Rxd8 24. Bf2 Rc8 25. Rd1 f6 26. f4 Ke7 27. Rd5 Ke6 28. h4 1-0


[Site "https://www.chess.com"]

[Event "Titled Tuesday Blitz April 11 Early 2023"]
[White "Krzywda, Andrzej"]
[Black "Vlassov, Nikolai"]
[WhiteFideId "1114565"]
[BlackFideId "4103360"]
[WhiteElo "2155"]
[BlackElo "2324"]
[Result "0-1"]
[Round "04"]
[TimeControl "180+2"]
[Date "2023.04.11"]
[WhiteClock "0:00:02"]
[BlackClock "0:00:11"]

1. e4 Nc6 2. Nf3 d5 3. exd5 Qxd5 4. Nc3 Qa5 5. d4 Bg4 6. h3 Bxf3 7. Qxf3 O-O-O 8. d5 Nb4 9. Bd3 Nf6 10. O-O Nbxd5 11. Nxd5 Qxd5 12. Qxd5 Nxd5 13. a3 e6 14. Be4 Be7 15. Re1 Bf6 16. c3 Nb6 17. a4 Nc4 18. a5 a6 19. Bf3 Rd7 20. Re4 Ne5 21. Be2 Rhd8 22. Be3 Nd3 23. Rb1 Rd5 24. Ra4 Nc5 25. Rb4 Nd3 26. Ra4 h6 27. Bf3 R5d7 28. Kf1 Bg5 29. Bxg5 hxg5 30. Be2 Nf4 31. Bf3 Rd2 32. h4 Nd3 33. Kg1 gxh4 34. b4 c6 35. c4 Ne5 36. b5 Nxf3+ 37. gxf3 cxb5 38. cxb5 axb5 39. Rxb5 R8d5 40. Rc4+ Kb8 41. Rb1 Rxa5 42. Rxh4 Raa2 43. Rhb4 Rd7 44. Rb6 g6 45. Kg2 Kc8 46. Kg3 Rc2 47. Rh1 Rc6 48. Rb4 Kc7 49. Rh7 Rc5 50. Re4 b5 51. Rb4 Kc6 52. Rh1 Rg5+ 53. Kf4 Rc5 54. Rhb1 Rc4+ 55. Kg3 Rxb4 56. Rxb4 Kc5 57. Rb1 Rb7 58. Kf4 b4 59. Ke5 b3 60. Rc1+ Kb4 61. Kd4 b2 62. Rb1 Kb3 63. Kd3 Ka2 64. Rh1 b1=Q+ 0-1


[Site "https://www.chess.com"]

[Event "Titled Tuesday Blitz April 11 Early 2023"]
[White "KRUMMEL2008"]
[Black "Manon-og, Ramon Jr."]
[BlackFideId "5200776"]
[WhiteElo "2596"]
[BlackElo "2394"]
[Result "1-0"]
[Round "04"]
[TimeControl "180+2"]
[Date "2023.04.11"]
[WhiteClock "0:00:52"]
[BlackClock "0:01:52"]

1. e4 c5 2. Nf3 d6 3. d4 cxd4 4. Nxd4 Nf6 5. Nc3 a6 6. Bg5 e6 7. f4 Be7 8. Qf3 Nbd7 9. O-O-O Qc7 10. Bd3 h6 11. Qh3 Nc5 12. Rhe1 Nxd3+ 13. Rxd3 b5 14. e5 dxe5 15. fxe5 Nd5 16. Bd2 Bb7 17. Nxe6 fxe6 18. Qxe6 Nxc3 19. Qg6+ Kf8 20. Rxc3 Qd7 21. e6 Qe8 22. Rf1+ Kg8 23. Rf7 Rh7 24. Rg3 Kh8 25. Qxh7+ Kxh7 26. Rgxg7+ Kh8 27. Rh7+ Kg8 28. Rfg7+ Kf8 29. Bxh6 Bg5+ 30. Rxg5# 1-0


[Site "https://www.chess.com"]

[Event "Titled Tuesday Blitz April 11 Early 2023"]
[White "ArtemDyachuk"]
[Black "Gold_Ocean"]
[WhiteElo "2393"]
[BlackElo "2590"]
[Result "0-1"]
[Round "04"]
[TimeControl "180+2"]
[Date "2023.04.11"]
[WhiteClock "0:00:01"]
[BlackClock "0:00:06"]

1. Nf3 c5 2. c4 Nc6 3. Nc3 g6 4. e3 Bg7 5. d4 d6 6. Be2 Nf6 7. O-O O-O 8. b3 Qa5 9. Bb2 Bg4 10. d5 Nb8 11. Qc2 Bf5 12. e4 Nxe4 13. Nxe4 Bxe4 14. Qxe4 Bxb2 15. Rab1 Bf6 16. h4 Nd7 17. h5 Rae8 18. Bd3 Ne5 19. Nxe5 Bxe5 20. g3 Qxa2 21. Kg2 Qd2 22. Rbd1 Qb2 23. hxg6 fxg6 24. Bc2 Rf6 25. Rh1 Ref8 26. f4 Bd4 27. Rd2 Qc3 28. Re2 R8f7 29. Rh3 Qa1 30. Rh1 Qb2 31. Qf3 Qc3 32. Qg4 Kg7 33. Kh3 Rxf4 34. Qc8 Rf3 35. Rg2 Qe3 36. Qg4 Qh6+ 37. Qh4 Qxh4+ 38. Kxh4 Rc3 39. Be4 Be5 40. Kg4 Rxb3 41. Rh4 Rc3 42. Rgh2 Rxc4 0-1


[Site "https://www.chess.com"]

[Event "Titled Tuesday Blitz April 11 Early 2023"]
[White "Melian, Juan Sebastian"]
[Black "Valle Maytin, Luis Enrique"]
[WhiteFideId "3706575"]
[BlackFideId "3503666"]
[WhiteElo "2035"]
[BlackElo "2225"]
[Result "1-0"]
[Round "04"]
[TimeControl "180+2"]
[Date "2023.04.11"]
[WhiteClock "0:00:32"]
[BlackClock "0:00:23"]

1. d4 d5 2. Nf3 Nf6 3. Bg5 e6 4. Nbd2 h6 5. Bh4 Be7 6. e3 O-O 7. Bd3 c5 8. c3 cxd4 9. exd4 b6 10. Qe2 a5 11. Ne5 Nfd7 12. Bxe7 Qxe7 13. f4 Ba6 14. O-O Bxd3 15. Nxd3 f5 16. Rae1 Re8 17. Kh1 Nf6 18. Ne5 Nbd7 19. Qf3 b5 20. Qd3 Rab8 21. Rc1 Nxe5 22. fxe5 Ne4 23. Nxe4 fxe4 24. Qe2 Rf8 25. Rxf8+ Qxf8 26. Rf1 Qe7 27. Kg1 Kh7 28. Qg4 b4 29. c4 dxc4 30. Qxe4+ Kg8 31. d5 exd5 32. Qxd5+ Kh8 33. e6 c3 34. bxc3 bxc3 35. Qe5 c2 36. Qxb8+ Kh7 37. Qc8 Qa7+ 38. Kh1 Qf2 39. Rxf2 1-0


[Site "https://www.chess.com"]

[Event "Titled Tuesday Blitz April 11 Early 2023"]
[White "Adelman, Charles"]
[Black "Krstulovic, Alex"]
[WhiteFideId "2003597"]
[BlackFideId "760056"]
[WhiteElo "2391"]
[BlackElo "2311"]
[Result "1/2-1/2"]
[Round "04"]
[TimeControl "180+2"]
[Date "2023.04.11"]
[WhiteClock "0:00:24"]
[BlackClock "0:01:48"]

1. Nf3 c6 2. b3 d5 3. c4 Nf6 4. Bb2 Bf5 5. g3 e6 6. Bg2 Be7 7. O-O O-O 8. d3 Nbd7 9. Nbd2 a5 10. a3 Bd6 11. Qc2 Bg6 12. Rfe1 Qe7 13. Nh4 Bh5 14. h3 e5 15. Nf5 Qe6 16. Nxd6 Qxd6 17. Rac1 Bg6 18. cxd5 Nxd5 19. Nc4 Qe7 20. e4 N5b6 21. Nxb6 Nxb6 22. Qc5 Qxc5 23. Rxc5 Nd7 24. Rc4 c5 25. f4 f6 26. Rec1 Bf7 27. R4c3 b6 28. Kf2 Rfd8 29. Ke3 exf4+ 30. gxf4 Nf8 31. Rd1 Ne6 32. Rc2 Nd4 33. Bxd4 cxd4+ 34. Kd2 Bxb3 35. Rc6 Bxd1 36. Kxd1 b5 37. e5 fxe5 38. fxe5 Rac8 39. Rb6 Rb8 40. Ra6 b4 41. Rxa5 b3 42. Kc1 b2+ 43. Kb1 Rdc8 44. Bd5+ Kh8 45. Bc4 Rf8 46. Rb5 Rxb5 47. Bxb5 Rf5 48. Kxb2 Rxe5 49. a4 g5 50. Kb3 Rc5 51. Kb4 Rc1 52. a5 h5 53. a6 Rc7 54. Ka5 g4 55. hxg4 hxg4 56. Kb6 Rc8 57. Kb7 Rg8 58. a7 g3 59. Bc6 Kg7 60. a8=Q Rxa8 61. Kxa8 Kf6 62. Kb7 Ke5 63. Be4 Kf4 64. Kc6 Ke3 65. Kd5 g2 66. Bxg2 Kxd3 67. Bh3 Ke3 68. Bf5 d3 69. Bxd3 1/2-1/2


[Site "https://www.chess.com"]

[Event "Titled Tuesday Blitz April 11 Early 2023"]
[White "Koridze, Lile"]
[Black "Ahn, Hongjin"]
[WhiteFideId "13612514"]
[BlackFideId "13201492"]
[WhiteElo "2047"]
[BlackElo "2182"]
[Result "0-1"]
[Round "04"]
[TimeControl "180+2"]
[Date "2023.04.11"]
[WhiteClock "0:01:21"]
[BlackClock "0:00:34"]

1. d4 f5 2. c4 Nf6 3. g3 g6 4. Bg2 Bg7 5. Nh3 O-O 6. O-O d6 7. d5 a5 8. Nc3 Na6 9. Nf4 Nc5 10. Rb1 Bd7 11. a3 a4 12. Nd3 Nb3 13. h3 Qc8 14. Be3 c6 15. dxc6 bxc6 16. c5 d5 17. Ne5 Ne4 18. Nxe4 fxe4 19. Nxd7 Qxd7 20. Bxe4 Qxh3 21. Bg2 Qd7 22. Qd3 e5 23. Rfd1 Qe7 24. Qc2 Ra5 25. Rd3 d4 26. Bd2 Rxc5 27. Qd1 e4 28. Rxb3 axb3 29. Qxb3+ Kh8 30. Bb4 d3 31. exd3 e3 32. f4 e2 33. Bf3 Qe3+ 34. Kg2 Bd4 35. Be4 Qf2+ 36. Kh3 Rh5+ 37. Kg4 Rxf4+ 38. gxf4 Rh4+ 39. Kg5 Qxf4# 0-1


[Site "https://www.chess.com"]

[Event "Titled Tuesday Blitz April 11 Early 2023"]
[White "Mbonu, David"]
[Black "Horak, Martin"]
[WhiteFideId "30927420"]
[BlackFideId "367095"]
[WhiteElo "2384"]
[BlackElo "2091"]
[Result "0-1"]
[Round "04"]
[TimeControl "180+2"]
[Date "2023.04.11"]
[WhiteClock "0:00:30"]
[BlackClock "0:00:11"]

1. e4 e5 2. Nf3 Nc6 3. Bc4 Nf6 4. d3 Be7 5. O-O O-O 6. Re1 d6 7. a4 Na5 8. Ba2 c5 9. Bd2 Nc6 10. Nc3 Nd4 11. Nxd4 cxd4 12. Nd5 Nxd5 13. Bxd5 Rb8 14. a5 Be6 15. c4 Bxd5 16. exd5 Bg5 17. b4 Bxd2 18. Qxd2 Qd7 19. Qa2 Rbe8 20. a6 b6 21. Qa4 Qxa4 22. Rxa4 Rc8 23. f4 f6 24. Ra2 Kf7 25. fxe5 fxe5 26. Rf2+ Ke7 27. Rxf8 Kxf8 28. Rf1+ Ke7 29. Re1 b5 30. c5 dxc5 31. bxc5 Rxc5 32. Rxe5+ Kd6 33. Re6+ Kd7 34. Re5 b4 35. Kf2 b3 36. Re1 b2 37. Rb1 Rb5 38. Kf3 Kd6 39. Ke4 Rb4 40. g4 g5 41. h3 h6 42. Kf5 Kxd5 43. Kg6 Rb6+ 44. Kf5 Kc5 45. Ke4 Rb3 46. Kf5 Kb4 47. Kg6 Kc3 48. Kxh6 Rb5 49. h4 gxh4 50. g5 Kc2 0-1


[Site "https://www.chess.com"]

[Event "Titled Tuesday Blitz April 11 Early 2023"]
[White "Forgacs, Attila Jr."]
[Black "Carre, Sylvain"]
[WhiteFideId "773654"]
[BlackFideId "642118"]
[WhiteElo "2168"]
[BlackElo "2105"]
[Result "1-0"]
[Round "04"]
[TimeControl "180+2"]
[Date "2023.04.11"]
[WhiteClock "0:01:30"]
[BlackClock "0:01:58"]

1. e4 g6 2. d4 d5 3. exd5 Qxd5 4. Nc3 Qd8 5. Nf3 Bg7 6. Bc4 Nh6 7. O-O Nf5 8. Be3 O-O 9. Qd2 Nc6 10. d5 Nxe3 11. Qxe3 Na5 12. Bb3 Nxb3 13. axb3 Bd7 14. Rxa7 Rxa7 15. Qxa7 Qa8 16. Ra1 Qxa7 17. Rxa7 Rb8 18. Kf1 Bf5 19. Ne1 Kf8 20. Ke2 Bxc3 21. bxc3 Be4 22. c4 h5 23. f3 Bf5 24. Nd3 Bxd3+ 25. Kxd3 Ke8 26. Kd4 Kd7 27. c5 c6 28. c4 Kc7 29. b4 Rd8 30. b5 Kb8 31. Ra2 Kc7 32. bxc6 bxc6 33. Ra7+ 1-0


[Site "https://www.chess.com"]

[Event "Titled Tuesday Blitz April 11 Early 2023"]
[White "KorolDimitriy75"]
[Black "Aggelis, Nikolaos"]
[BlackFideId "4213220"]
[WhiteElo "2375"]
[BlackElo "2189"]
[Result "0-1"]
[Round "04"]
[TimeControl "180+2"]
[Date "2023.04.11"]
[WhiteClock "0:00:06"]
[BlackClock "0:00:54"]

1. d4 f5 2. c4 Nf6 3. Nf3 g6 4. g3 Bg7 5. Bg2 O-O 6. O-O d6 7. Nc3 Nc6 8. d5 Ne5 9. Nxe5 dxe5 10. Qb3 Kh8 11. Rd1 h6 12. e4 f4 13. Bd2 g5 14. Be1 Qe8 15. Nb5 Qd8 16. c5 a6 17. Na3 Qe8 18. Nc4 Qh5 19. Nxe5 Ng4 20. Nxg4 Bxg4 21. Rdc1 f3 22. Bf1 Bh3 23. Bd3 Rab8 24. Bc3 e5 25. d6 cxd6 26. cxd6 Bd7 27. Ba5 b6 28. Bxb6 Bb5 29. Bc7 Qh3 0-1


[Site "https://www.chess.com"]

[Event "Titled Tuesday Blitz April 11 Early 2023"]
[White "egorchess95"]
[Black "Buscar, Michael"]
[BlackFideId "2603616"]
[WhiteElo "2528"]
[BlackElo "2010"]
[Result "1-0"]
[Round "04"]
[TimeControl "180+2"]
[Date "2023.04.11"]
[WhiteClock "0:02:07"]
[BlackClock "0:01:21"]

1. Nf3 Nf6 2. b3 b6 3. Bb2 Bb7 4. e3 e6 5. c4 c5 6. Be2 Be7 7. O-O O-O 8. Nc3 d6 9. d4 cxd4 10. Nxd4 Nbd7 11. Bf3 Qc8 12. Ndb5 Bxf3 13. Qxf3 a6 14. Nd4 Ne5 15. Qe2 Rd8 16. Rad1 Ra7 17. Na4 Qb8 18. f4 Ng6 19. Nc6 Qa8 20. Nxa7 Qxa7 21. Bd4 Nd7 22. Qf3 Nh4 23. Qc6 Nf5 24. Rfe1 Nxd4 25. exd4 Bf8 26. Kh1 g6 27. Rd2 Bh6 28. Rf2 Bg7 29. Rd1 b5 30. cxb5 axb5 31. Qxb5 Bxd4 32. Rfd2 e5 33. fxe5 dxe5 34. Nc3 Bxc3 35. Rxd7 Rxd7 36. Qxd7 Qxa2 37. Qc8+ Kg7 38. Qxc3 1-0


[Site "https://www.chess.com"]

[Event "Titled Tuesday Blitz April 11 Early 2023"]
[White "Borrmann, Laurenz"]
[Black "Vivas Zamora, Fabian Ernesto"]
[WhiteFideId "312187930"]
[BlackFideId "3902480"]
[WhiteElo "2312"]
[BlackElo "2262"]
[Result "0-1"]
[Round "04"]
[TimeControl "180+2"]
[Date "2023.04.11"]
[WhiteClock "0:00:14"]
[BlackClock "0:00:06"]

1. d4 Nf6 2. c4 g6 3. Nc3 d5 4. cxd5 Nxd5 5. e4 Nxc3 6. bxc3 Bg7 7. Nf3 c5 8. h3 O-O 9. Rb1 Nc6 10. d5 Ne5 11. Nxe5 Bxe5 12. Qc2 e6 13. Bc4 exd5 14. Bxd5 Rb8 15. O-O Be6 16. Bxe6 fxe6 17. f4 Bg7 18. Be3 Qc7 19. e5 b5 20. c4 b4 21. Rfd1 Rfd8 22. Rxd8+ Rxd8 23. Rd1 Bf8 24. Rd3 a5 25. Qd1 Rxd3 26. Qxd3 a4 27. Qc2 Qd7 28. Kf2 Kf7 29. g4 Qc6 30. Kg3 Qa6 31. f5 b3 32. axb3 a3 33. fxg6+ hxg6 34. Qa2 Qa5 35. Bd2 Qa8 36. Bc1 Bg7 37. Kf4 g5+ 38. Kxg5 Bh6+ 39. Kxh6 Qh8+ 40. Kg5 Qxe5+ 41. Kh6 Qh8+ 42. Kg5 Qe5+ 43. Kh4 Qe1+ 44. Kh5 Qxc1 45. Qf2+ Kg7 46. g5 Qd1+ 47. Kh4 Qd4+ 48. Qxd4+ cxd4 49. c5 a2 50. c6 a1=Q 51. c7 Qc3 52. c8=Q Qxc8 0-1


[Site "https://www.chess.com"]

[Event "Titled Tuesday Blitz April 11 Early 2023"]
[White "Francisco Guecamburu, Candela Be"]
[Black "Mogirzan, Matei-Valeriu"]
[WhiteFideId "160911"]
[BlackFideId "1257455"]
[WhiteElo "2326"]
[BlackElo "1733"]
[Result "1-0"]
[Round "04"]
[TimeControl "180+2"]
[Date "2023.04.11"]
[WhiteClock "0:01:50"]
[BlackClock "0:02:04"]

1. e4 c5 2. Nf3 e6 3. d4 cxd4 4. Nxd4 a6 5. Bd3 Nc6 6. Nxc6 bxc6 7. O-O d5 8. c4 Nf6 9. Nc3 Bb4 10. cxd5 exd5 11. exd5 Nxd5 12. Nxd5 Qxd5 13. Qc2 h6 14. Be4 Qc5 15. Bxc6+ 1-0


[Site "https://www.chess.com"]

[Event "Titled Tuesday Blitz April 11 Early 2023"]
[White "Mayaud, Raphael"]
[Black "Dobre, Claudiu-Cristian"]
[WhiteFideId "627151"]
[BlackFideId "1211854"]
[WhiteElo "2191"]
[BlackElo "2207"]
[Result "1-0"]
[Round "04"]
[TimeControl "180+2"]
[Date "2023.04.11"]
[WhiteClock "0:00:09"]
[BlackClock "0:00:02"]

1. d4 f5 2. g3 g6 3. Bg2 Bg7 4. c4 Nf6 5. Nc3 O-O 6. Nh3 d6 7. d5 Na6 8. O-O Nc5 9. Nf4 e5 10. dxe6 c6 11. Qc2 a5 12. b3 Re8 13. Rd1 Bxe6 14. Nxe6 Rxe6 15. Bb2 Qe7 16. e3 Nfe4 17. Nxe4 fxe4 18. Bxg7 Qxg7 19. Rd4 Rf8 20. Rad1 Qf6 21. R1d2 Qf5 22. h3 h5 23. a3 Qe5 24. b4 axb4 25. axb4 Nd3 26. Rxe4 Qa1+ 27. Rd1 Nxb4 28. Qb3 Qf6 29. Rxe6 Qxf2+ 30. Kh2 Nc2 31. Rf1 Qe2 32. Rxf8+ Kxf8 33. c5 Ne1 34. Rf6+ Ke7 35. Qe6+ 1-0


[Site "https://www.chess.com"]

[Event "Titled Tuesday Blitz April 11 Early 2023"]
[White "Karamsetty, Jeevan"]
[Black "Mrudul Dehankar"]
[WhiteFideId "2025337"]
[BlackFideId "25096990"]
[WhiteElo "2111"]
[BlackElo "2139"]
[Result "1-0"]
[Round "04"]
[TimeControl "180+2"]
[Date "2023.04.11"]
[WhiteClock "0:00:09"]
[BlackClock "0:00:01"]

1. e4 c6 2. d4 d5 3. exd5 cxd5 4. Bd3 Nc6 5. c3 Nf6 6. Bf4 g6 7. Nf3 Bg7 8. O-O O-O 9. Nbd2 Bf5 10. Bxf5 gxf5 11. Ne5 e6 12. Bg5 Ne7 13. Re1 Ne4 14. Nxe4 fxe4 15. Ng4 f6 16. Nh6+ Kh8 17. Bd2 Qe8 18. Qg4 f5 19. Qh4 Ng6 20. Qh3 Qe7 21. f3 Qh4 22. Qxh4 Nxh4 23. fxe4 dxe4 24. Bg5 Ng6 25. g4 Bf6 26. Bxf6+ Rxf6 27. g5 Rff8 28. Kf2 Nf4 29. Re2 Nxe2 30. Kxe2 Kg7 31. h4 Kg6 32. Rh1 Rae8 33. Ke3 Kh5 34. Kf4 Rd8 35. Rh2 Rd5 36. a3 a5 37. Re2 a4 38. Rg2 Re8 39. Re2 Rb5 40. Nf7 Rc8 41. Ne5 Rc7 42. Rg2 Rbc5 43. dxc5 Rxc5 44. g6 hxg6 45. Rg5+ Kh6 46. Rxg6+ Kh7 47. Rxe6 Rd5 48. Kxf5 1-0


[Site "https://www.chess.com"]

[Event "Titled Tuesday Blitz April 11 Early 2023"]
[White "Mortazavi, Ali"]
[Black "Klepikov, Nikita"]
[WhiteFideId "401323"]
[BlackFideId "24145220"]
[WhiteElo "2339"]
[BlackElo "2025"]
[Result "1-0"]
[Round "04"]
[TimeControl "180+2"]
[Date "2023.04.11"]
[WhiteClock "0:00:14"]
[BlackClock "0:00:06"]

1. Nf3 Nf6 2. g3 g6 3. Bg2 Bg7 4. O-O d6 5. d3 O-O 6. e4 e5 7. Nc3 h6 8. a4 Nh7 9. d4 Nc6 10. Be3 a6 11. h3 f5 12. dxe5 dxe5 13. Bc5 Re8 14. Nh4 Qf6 15. exf5 gxf5 16. Qh5 Be6 17. Nd5 Qd8 18. Rad1 Nf6 19. Qg6 Nxd5 20. Bxd5 Bxd5 21. Nxf5 Qf6 22. Nxh6+ Kh8 23. Qxf6 Bxf6 24. Rxd5 Kg7 25. Nf5+ Kg6 26. g4 Rh8 27. Kg2 Rh7 28. c3 Rah8 29. Rh1 Bg5 30. f3 Bf4 31. h4 Kf6 32. Re1 Ke6 33. Rd3 b6 34. Ba3 Na5 35. Re4 Rxh4 36. Nxh4 Rxh4 37. Rxf4 exf4 38. Rd4 Ke5 39. Re4+ Kd5 40. Rd4+ Ke5 41. Re4+ Kd5 42. Rxf4 Rh7 43. Bb4 Nc4 44. Rd4+ Ke5 45. Rxc4 c5 46. Re4+ Kd5 47. Ba3 Rd7 48. g5 Kc6 49. Rg4 Rd2+ 50. Kg3 Kd6 51. g6 Ke6 52. g7 1-0


[Site "https://www.chess.com"]